 Dungeon Crawl Stone Soup version 0.29.1 (webtiles) character file.

Game seed: 16402965379609082998

1141 raistware the Conjurer (level 8, 0/46 HPs)
             Began as an Octopode Conjurer on Sept 12, 2022.
             Slain by a centaur (5 damage)
             ... on level 5 of the Dungeon.
             The game lasted 00:07:21 (4206 turns).

raistware the Conjurer (Octopode Conjurer)          Turns: 4206, Time: 00:07:21

Health: 0/46       AC:  1    Str:  6    XL:     8   Next: 37%
Magic:  10/17      EV: 13    Int: 23    God:
Gold:   205        SH:  0    Dex: 10    Spells: 14/19 levels left

rFire   . . .      SeeInvis .   h - staff of death
rCold   . . .      Faith    .   (no shield)
rNeg    + . .      Spirit   .   (helmet restricted)
rPois   .          Reflect  .   (no amulet)
rElec   .          Harm     .   (no ring)
rCorr   .          Rampage  .   (no ring)
Will    .....                   (no ring)
Stlth   +++.......              (no ring)
HPRegen 0.15/turn               (no ring)
MPRegen 0.15/turn               (no ring)
                                (no ring)
                                (no ring)

@: marked, very slightly contaminated
A: almost no armour, amphibious, 8 rings, camouflage 1, gelatinous body 1,
(nimble swimmer 1), tentacles
a: no special abilities


You were on level 5 of the Dungeon.
You visited 1 branch of the dungeon, and saw 5 of its levels.

You collected 205 gold pieces.

Inventory:

Missiles
 m - 5 javelins
Magical Staves
 h - a staff of death (weapon)
Scrolls
 f - a scroll of amnesia {unknown}
 j - a scroll of enchant armour {unknown}
 k - a scroll of silence {unknown}
 l - 3 scrolls of identify {unknown}
 n - a scroll of acquirement {unknown}
Potions
 a - a potion of magic
 b - 2 potions of degeneration {unknown}
 c - a potion of flight {unknown}
 d - 3 potions of curing {unknown}
 e - 2 potions of resistance {unknown}
 g - a potion of ambrosia {unknown}
 i - a potion of berserk rage {unknown}


   Skills:
 - Level 2.0 Staves
 - Level 2.0 Dodging
 - Level 2.6 Stealth
 + Level 6.3 Spellcasting
 + Level 7.1 Conjurations
 - Level 2.0 Translocations
 - Level 2.0 Evocations


You had 14 spell levels left.
You knew the following spells:

 Your Spells              Type           Power      Damage    Failure   Level
a - Magic Dart            Conj           100%       1d8       1%          1
b - Iskenderun's Mystic   Conj/Tloc      28%        2d7       13%         4

Your spell library contained the following spells:

 Spells                   Type           Power      Damage    Failure   Level
 Searing Ray              Conj           80%        2d7       1%          2
 Dazzling Flash           Conj/Hex       46%        N/A       6%          3
 Fulminant Prism          Conj/Hex       11%        3d9       19%         4
 Ozocubu's Armour         Ice            7%         N/A       24%         3
 Metabolic Englaciation   Hex/Ice        3%         N/A       92%         5
 Simulacrum               Ice/Necr       5%         N/A       100%        6


Dungeon Overview and Level Annotations

Branches:
Dungeon (5/15)
 Temple: D:4-7

Altars:

Annotations:
D:3 2 transporters, Rayvis's ghost, amateur DsGl
D:5 Edmund


Innate Abilities, Weirdness & Mutations

You cannot wear most types of armour.
You are amphibious.
You can wear up to eight rings at the same time.
Your skin changes colour to match your surroundings (Stealth+).
Your rubbery body absorbs attacks. (AC +1, EV +1)
((You are camouflaged when in or above water. (Stealth+)))
You have tentacles for arms and can constrict up to eight enemies at once.


Message History

Press: ? - help, Shift-Dir - straight line, f/p - quokka
Aim: a quokka (severely wounded, 100% to hit)
The magic dart hits the quokka.
The quokka is almost dead.
You feel sick.
You are no longer poisoned.
A centaur comes into view.
The quokka bites you.
* * * LOW HITPOINT WARNING * * *
You hit the quokka.
You kill the quokka!
Found a hand axe.
Things that are here:
a +0 dagger; a +0 robe The centaur closely misses you.
The centaur barely misses you. Magic courses through your body.
The centaur barely misses you. The centaur misses you. The centaur hits you.
* * * LOW HITPOINT WARNING * * *
The centaur kicks you.
* * * LOW HITPOINT WARNING * * *
Casting: Magic Dart (safe; 1% risk of failure)
Confirm with . or Enter, or press ? or * to list all spells.
The spell is quite dangerous to miscast (13% risk of failure)!
Continue anyway?
Okay, then.
Casting: Iskenderun's Mystic Blast (quite dangerous; 13% risk of failure)
Confirm with . or Enter, or press ? or * to list all spells.
The spell is quite dangerous to miscast (13% risk of failure)!
Continue anyway?
You miscast Iskenderun's Mystic Blast.
You are very lightly contaminated with residual magic.
Nothing appears to happen.
The centaur hits you but does no damage.
The centaur misses you.
Unknown command.
Unknown command.
Casting: Iskenderun's Mystic Blast (quite dangerous; 13% risk of failure)
Confirm with . or Enter, or press ? or * to list all spells.
The spell is quite dangerous to miscast (13% risk of failure)!
Continue anyway?
You miscast Iskenderun's Mystic Blast.
Nothing appears to happen.
The centaur hits you.
You die...

...#.# # ..#.#
#.# .. ....#
#.# ..
.$.#####.#
#.##.......[#
.......##.# ..
.#####..##.##.#
.#
..)...))##.##.#
.#
......#@##.##.#
.# )####
#.c.....# .#
##.####@####...
#.#####.
...............
........
.#.####.####.##
<....#
#...####...
.....# .
#..........
†....## ##.##
#...##.#...
......# #..[#
##..##.#..[


You could see Edmund and a centaur.

Vanquished Creatures
  Pikel (D:5)
  Prince Ribbit (D:5)
  2 phantoms (D:5)
  Blork the orc (D:5)
  A jelly (D:5)
  A hound (D:5)
  2 iguanas (D:5)
  2 orc wizards (D:5)
  6 adders
  An ufetubus (D:5)
  3 worms
  2 dart slugs
  12 orcs
  6 ball pythons
  6 endoplasms
  6 giant cockroaches
  2 hobgoblins
  4 jackals (D:2)
  4 quokkas
  5 bats
  2 frilled lizards
  2 goblins (D:1)
  3 rats
75 creatures vanquished.

Vanquished Creatures (others)
  8 plants (D:1)
  14 withered plants (D:1)
22 creatures vanquished.

Grand Total: 97 creatures vanquished

Notes
Turn   | Place    | Note
-------+----------+-------------------------------------------
     0 | D:1      | raistware the Octopode Conjurer began the quest for the
                  | Orb.
     0 | D:1      | Reached XP level 1. HP: 11/11 MP: 3/3
   233 | D:1      | Reached XP level 2. HP: 17/17 MP: 2/5
   298 | D:1      | Found a faded altar of an unknown god.
   756 | D:1      | Reached XP level 3. HP: 21/21 MP: 3/7
  1551 | D:2      | Reached XP level 4. HP: 27/27 MP: 7/10
  1556 | D:2      | Learned a level 4 spell: Iskenderun's Mystic Blast
  1923 | D:3      | HP: 1/27 [orc/+0 mace (5)]
  1926 | D:3      | Reached skill level 1 in Evocations
  1961 | D:3      | Reached skill level 1 in Translocations
  2228 | D:3      | Found a transporter.
  2250 | D:3      | Found a transporter.
  2254 | D:3      | Noticed Rayvis's ghost (amateur DsGl)
  2431 | D:3      | Found the +3 salamander hide armour {Flames rF++ rC--}
  2693 | D:3      | Identified the +5 whip of Cothoug {vorpal, rF+ rN+ Dex-4}
  2799 | D:4      | Noticed an ogre
  2854 | D:5      | Entered Level 5 of the Dungeon
  2859 | D:5      | Reached XP level 5. HP: 31/31 MP: 6/11
  2973 | D:5      | Noticed Prince Ribbit
  2982 | D:5      | Killed Prince Ribbit
  2983 | D:5      | Reached XP level 6. HP: 24/36 MP: 4/13
  3053 | D:5      | Reached skill level 5 in Spellcasting
  3053 | D:5      | Reached skill level 5 in Conjurations
  3138 | D:5      | Reached XP level 7. HP: 24/41 MP: 5/14
  3272 | D:5      | Noticed Edmund
  3336 | D:5      | Noticed Pikel
  3348 | D:5      | Killed Pikel
  3349 | D:5      | Reached skill level 6 in Conjurations
  3349 | D:5      | Reached XP level 8. HP: 7/46 MP: 2/16
  3980 | D:5      | Noticed Blork the orc
  3988 | D:5      | Killed Blork the orc
  4082 | D:5      | Reached skill level 7 in Conjurations
  4206 | D:5      | Slain by a centaur

Illustrated notes

Levels and vault maps discovered:
D:1:      lightli_arrival_lavapool, layout_rooms,
          shapermc_ecumenical_altar_flowoftime, serial_forest,
          infiniplex_forest_lined_room_3, infiniplex_forest_pool,
          infiniplex_forest_straight_2, infiniplex_forest_clump_small,
          infiniplex_forest_corner_1, infiniplex_forest_end_double,
          nicolae_wormholes
D:2:      layout_basic
D:3:      layout_loops_ring, gammafunk_ghost_stat_death, supply_closet_lemuel
D:4:      kennysheep_goblin_castle, layout_cave_pods,
          mainiacjoe_overflow_catwalk_spiral, hellmonk_ghost_happy_afterlife,
          uniq_grinder
D:5:      layout_loops_cross, serial_shops, nicolae_square_shop,
          kennysheep_minor_cross, uniq_pikel, uniq_blork_the_orc,
          uniq_prince_ribbit1, uniq_edmund

Skill      XL: |  1  2  3  4  5  6  7  8 |
---------------+-------------------------+-----
Spellcasting   | 3 4 5 6 |  6.3
Evocations     | 2 |  2.0
Translocations | 2 |  2.0
Conjurations   | 5 6 7 |  7.1
Staves         | 2 |  2.0
Dodging        | |  2.0
Stealth        | |  2.6

Action                   |  1- 3 |  4- 6 |  7- 9 || total
-------------------------+-------+-------+-------++-------
Melee: Unarmed           |    35 |       |       ||    35
       Tentacles         |     9 |     2 |       ||    11
       Constrict         |    27 |     2 |       ||    29
       Staff             |     4 |     8 |     3 ||    15
Throw: Javelin           |       |       |    10 ||    10
 Cast: Magic Dart        |    75 |    66 |    55 ||   196
       Iskenderun's Myst |       |     1 |     7 ||     8
  Use: Potion            |       |       |     1 ||     1
Armor: Skin              |     2 |     1 |     2 ||     5
Dodge: Dodged            |    16 |    18 |    20 ||    54
